 Dungeon Crawl Stone Soup version 0.29-a0-1065-g47a6bb87d6 (webtiles) character file.

Game seed: 548729859574930852

108 avis the Caller (level 4, 0/18 HPs)
             Began as a Felid Summoner on Aug 18, 2022.
             Killed from afar by Ijyb (18 damage)
             ... with a bolt of dispelling energy
             ... on level 3 of the Dungeon.
             The game lasted 00:22:17 (3755 turns).

avis the Caller (Felid Summoner)                    Turns: 3755, Time: 00:22:18

Health: 0/18       AC:  5    Str:  4    XL:     4   Next: 58%
Magic:  6/10       EV: 17    Int: 18    God:
Gold:   140        SH:  0    Dex: 16    Spells: 1/10 levels left
                                        Lives:  0   Deaths: 1

rFire   . . .      SeeInvis +   (weapon unavailable)
rCold   . . .      Faith    .   (shield unavailable)
rNeg    . . .      Spirit   .   (body armour unavailable)
rPois   .          Reflect  .   (helmet unavailable)
rElec   .          Harm     .   (cloak unavailable)
rCorr   .          Rampage  .   (gloves unavailable)
Will    .....                   (boots unavailable)
Stlth   ++........              (no amulet)
HPRegen 0.06/turn               n - +4 ring of protection
MPRegen 0.12/turn               (no ring)

@: quick
A: very small, claws 1, fangs 3, see invisible, speed 1, shaggy fur 1, stealthy
paws, no weapons or thrown items, no armour, multi-lived
a: no special abilities


You were on level 3 of the Dungeon.
You visited 1 branch of the dungeon, and saw 3 of its levels.

You collected 140 gold pieces.

Inventory:

Jewellery
 n - a +4 ring of protection (left paw)
 o - a +4 ring of evasion
Scrolls
 b - 4 scrolls of identify {unknown}
 c - a scroll of enchant weapon {unknown}
 e - a scroll of magic mapping {unknown}
 f - 2 scrolls of noise {unknown}
 k - 2 scrolls of fog {unknown}
 l - a scroll of enchant armour {unknown}
 m - a scroll of vulnerability {unknown}
Potions
 a - 2 potions of magic
 d - a potion of ambrosia {unknown}
 g - a potion of flight {unknown}
 h - 2 potions of haste {unknown}
 i - a potion of attraction {unknown}
 j - a potion of curing {unknown}
 p - a potion of degeneration {unknown}


   Skills:
 - Level 2.6 Dodging
 - Level 2.6 Stealth
 * Level 3.8 Spellcasting
 + Level 1.7 Hexes
 + Level 5.2 Summonings


You had one spell level left.
You knew the following spells:

 Your Spells              Type           Power      Damage    Failure   Level
a - Summon Small Mammal   Summ           88%        N/A       1%          1
c - Call Imp              Summ           22%        N/A       2%          2
d - Call Canine Familiar  Summ           22%        N/A       5%          3
g - Summon Guardian Gole  Hex/Summ       15%        N/A       11%         3

Your spell library contained the following spells:

 Spells                   Type           Power      Damage    Failure   Level
 Sublimation of Blood     Necr           3%         N/A       22%         2
 Summon Lightning Spire   Summ/Air       12%        N/A       45%         4
 Petrify                  Tmut/Erth      3%         N/A       83%         4
 Irradiate                Conj/Tmut      1%         3d12      99%         5


Dungeon Overview and Level Annotations

Branches:
Dungeon (3/15)

Altars:

Shops:
D:2 (

Annotations:
D:3 Ijyb


Innate Abilities, Weirdness & Mutations

You have sharp claws.
You have razor-sharp teeth.
You have supernaturally acute eyesight. (SInv)
You cover ground quickly. (Speed+)
You are covered in fur. (AC +1)
Your paws help you pounce on unaware monsters.
You are incapable of wielding weapons or throwing items.
You cannot wear armour.
You gain extra lives every three experience levels.


Message History

Confirm with . or Enter, or press ? or * to list all spells.
The spell is quite dangerous to miscast (5% risk of failure)!
Continue anyway?
Casting: Call Canine Familiar (quite dangerous; 5% risk of failure)
Confirm with . or Enter, or press ? or * to list all spells.
A shadowy apparition takes form in the air.
You open the door.
There is an open door here.
You swap places.
Ijyb hits your hound with a +0 club.
You swap places.
Your hound bites Ijyb.
Your hound barely misses Ijyb.
Ijyb misses your hound.
There is an open door here.
Something barely misses your hound. What are your orders? t - Meow!
Orders for allies: a - Attack new target. r - Retreat! s - Stop attacking. g - Guard the area. f - Follow me.
Anything else - Cancel.
Gang up on whom?
Press: ? - help, Dir - move target, f - Ijyb
Aim: Ijyb, wielding a +0 club, wearing a +0 leather armour and carrying a wand of quicksilver (12) (lightly wounded, ally target) Attack!
Your hound barely misses Ijyb.
Ijyb barely misses your hound.
Your hound bites Ijyb.
Your hound misses Ijyb. Ijyb hits your hound with a +0 club.
Your hound bites Ijyb.
Ijyb barely misses your hound.
Your hound bites Ijyb but does no damage.
Your hound closely misses Ijyb.
Ijyb barely misses your hound.
Your hound bites Ijyb but does no damage.
Ijyb hits your hound but does no damage.
Your hound closely misses Ijyb.
Your hound barely misses Ijyb.
Ijyb zaps a wand.
The bolt of dispelling energy hits your hound!!
Your hound dies!
Your hound's corpse disappears in a puff of smoke!
The bolt of dispelling energy hits your shadow imp!
Your shadow imp dies!
Your shadow imp disappears in a puff of smoke!
The bolt of dispelling energy hits you!!
Ouch! That really hurt!
You die...

... #g# #§# #§###### P
##'##... . ##...#.# P
##......# ####### ##.
##.......## #..##.#
#....###...@.....####.....##
#....'.........'..........
#...####.........####......#
# ##.......## #.....##
##.....## #.......
##...##########.###
##'###.......#.# #.#
#.#####.#.# ##.###.### #.#.#


There were no monsters in sight!

Vanquished Creatures
  2 adders
  A worm (D:3)
  A ball python (D:2)
  2 goblins
  A hobgoblin (D:1)
  2 bats (D:1)
  A frilled lizard (D:2)
  2 rats
  A spectral goblin (D:1)
13 creatures vanquished.

Vanquished Creatures (collateral kills)
  A hound (D:3)
  Robin (D:2)
  3 adders
  3 dart slugs (D:2)
  2 orcs (D:3)
  7 ball pythons
  5 bats
  4 endoplasms (D:2)
  2 giant cockroaches
  8 goblins
  8 hobgoblins
  A frilled lizard (D:2)
  3 kobolds (D:2)
  7 rats
55 creatures vanquished.

Grand Total: 68 creatures vanquished

Notes
Turn   | Place    | Note
-------+----------+-------------------------------------------
     0 | D:1      | avis the Felid Summoner began the quest for the Orb.
     0 | D:1      | Reached XP level 1. HP: 7/7 MP: 4/4
    30 | D:1      | Found a faded altar of an unknown god.
   518 | D:1      | Reached XP level 2. HP: 10/11 MP: 1/6
   795 | D:1      | Learned a level 2 spell: Call Imp
  1453 | D:2      | Found Ephokism's Weapon Boutique.
  1722 | D:2      | Reached XP level 3. HP: 14/14 MP: 2/8
  1781 | D:2      | Learned a level 3 spell: Call Canine Familiar
  2423 | D:2      | Noticed Robin
  2435 | D:2      | Reached XP level 4. HP: 18/18 MP: 6/9
  2461 | D:2      | Killed Robin
  2499 | D:2      | Reached skill level 5 in Summonings
  2508 | D:2      | Learned a level 3 spell: Summon Guardian Golem
  3012 | D:3      | Noticed Ijyb
  3021 | D:3      | Killed from afar by Ijyb
  3022 | D:3      | Reached XP level 3. HP: -2/14 MP: 5/8
  3143 | D:3      | Reached skill level 1 in Hexes
  3155 | D:3      | Reached XP level 4. HP: 18/18 MP: 5/10
  3755 | D:3      | Killed from afar by Ijyb

Illustrated notes

Levels and vault maps discovered:
D:1:      dpeg_arrival_shrine, layout_loops_corners,
          dreamdust_ecumenical_altar_drowned_temple, minmay_fountain_box
D:2:      layout_basic, serial_glass, glass_columns_b, glass_columns_a,
          glass_columns_c, glass_columns_b, glass_columns_c, serial_shops,
          nicolae_square_shop, minmay_surrounded, uniq_robin
D:3:      minmay_chambers_of_threes, layout_loops_corners, serial_shops,
          nicolae_shop_hallway_stairs, dreamdust_princess_corridor, uniq_ijyb,
          uniq_jessica

Skill      XL: |  1  2  3  4 |
---------------+-------------+-----
Spellcasting   | 3 |  3.8
Summonings     | 5 |  5.2
Hexes          | 1 |  1.7
Dodging        | |  2.6
Stealth        | |  2.6

Action                   |  1- 3 |  4- 6 || total
-------------------------+-------+-------++-------
Melee: Unarmed           |    19 |     9 ||    28
       Bite              |     3 |     1 ||     4
 Cast: Summon Small Mamm |    50 |       ||    50
       Call Imp          |    18 |     7 ||    25
       Call Canine Famil |     2 |     8 ||    10
 Stab: Sleeping          |     5 |       ||     5
       Distracted        |       |     1 ||     1
Armor: Skin              |     5 |     4 ||     9
Dodge: Dodged            |    15 |    11 ||    26

Table legend: (Time is in decaauts)
 A = Elapsed time spent in this place.
 B = Non-inter-level travel time spent in this place.
 C = Inter-level travel time spent in this place.
 D = Time resting spent in this place.
 E = Time spent auto-exploring this place.
 F = Levels seen in this place.
 G = Mean time per level.
                   A        B        C        D        E       F      G
               +--------+--------+--------+--------+--------+-----+--------+
         Total |   3298 |   3051 |    247 |    540 |   1694 |   3 | 1099.3 |
       Dungeon |   3298 |   3051 |    247 |    540 |   1694 |   3 | 1099.3 |
               +--------+--------+--------+--------+--------+-----+--------+

Top non-repeatable levels by time:
     D:1: 1214 daAuts
     D:2: 1175 daAuts
     D:3: 909 daAuts
